Map: Dead of Night

Players

LilArrin

  • Race: Terran Terran
  • Spawn Location: 0:00

LilArrin

  • Race: Protoss Protoss
  • Spawn Location: 0:00

VOD

Have the link to the VOD?

Description

Time

  • Played on: May 13, 2018, 12:41 a.m.
  • Length: 16:15
Show
View Real Time Build Order
Export as new Build Order

LilArrin Terran 

Build Orders:  

Get SALT Encoding   

  12  0:03  SCV  
  13  0:20  SCV  
  14  0:37  Supply Depot, SCV  
  15  0:53  SCV  
  16  1:10  SCV  
  17  1:25  Command Center  
  10  1:30  SCV  
  18  1:46  SCV  
  19  1:50  Barracks  
  19  2:03  SCV  
  20  2:23  Orbital Command  
  20  2:43  Command Center  
  20  3:05  Orbital Command  
  20  3:07  Marine  
  20  3:08  Bunker  
  20  3:13  SCV  
  20  3:18  Marine  
  20  3:19  Refinery  
  22  3:29  Bunker, Marine  
  23  3:35  SCV  
  23  3:39  Marine  
  25  3:46  Refinery  
  25  3:49  Marine  
  26  3:51  SCV  
  26  3:59  Marine  
  28  4:06  SCV  
  28  4:09  Marine  
  30  4:17  SCV  
  32  4:20  Marine  
  32  4:23  SCV  
  34  4:32  Combat Shields  
  34  4:40  Orbital Command  
  34  4:44  Barracks Tech Lab  
  34  4:50  Command Center  
  34  5:20  SCV x2  
  36  5:30  Barracks x2  
  36  5:44  SCV x2  
  38  5:56  Marine  
  39  6:01  SCV  
  39  6:02  SCV  
  39  6:06  Barracks Reactor, Marine, Barracks Tech Lab  
  42  6:15  Engineering Bay x2  
  42  6:22  Stabilizer Medpacks  
  42  6:40  Marine x2  
  42  6:41  Orbital Command, Factory  
  44  6:50  Medic  
  44  6:54  Terran Infantry Weapons Level 1, Terran Infantry Armor Level 1  
  44  6:55  Marine  
  44  6:56  Firebat  
  49  7:00  Medic  
  49  7:02  Incinerator Gauntlets  
  49  7:03  Marine  
  49  7:06  SCV x2  
  49  7:08  Medic, Marine  
  54  7:15  Marine  
  58  7:20  SCV  
  58  7:26  Barracks  
  59  7:31  Marine  
  60  7:46  Armory  
  60  7:47  Marine x2  
  60  7:56  Medic x2  
  67  8:01  Barracks  
  67  8:02  Juggernaut Plating  
  67  8:06  Barracks Tech Lab  
  67  8:08  Medic, Marine x2  
  68  8:21  Marine x4, Supply Depot  
  68  8:22  Supply Depot  
  68  8:24  Supply Depot  
  72  8:31  Marine x4  
  72  8:32  Firebat  
  77  8:41  Medic, Marine x3, Barracks Tech Lab  
  77  8:44  Medic  
  83  8:52  Firebat, Marine x2  
  83  8:53  Marine  
  87  9:04  Marine x2  
  87  9:06  Marine  
  87  9:07  Marine  
  91  9:10  Marine  
  91  9:17  Supply Depot  
  91  9:18  Marine x2  
  91  9:19  Medic, Marine, Firebat  
  92  9:20  Supply Depot  
  92  9:22  Supply Depot  
  92  9:29  Marine x2  
  99  9:36  Terran Infantry Weapons Level 2, Terran Infantry Armor Level 2  
  101  9:41  Marine x2  
  101  9:46  Marine x2  
  101  9:49  Marine x2  
  101  9:56  Medic  
  101  9:57  Firebat  
  107  10:02  Marine  
  107  10:03  Marine  
  107  10:04  Marine x2  
  111  10:11  Marine x2  
  111  10:17  Marine  
  114  10:37  Marine x2  
  116  10:50  Supply Depot  
  116  10:51  Medic x2, Marine x2  
  116  10:53  Supply Depot  
  116  10:55  Supply Depot  
  116  10:59  Marine x2  
  122  11:02  Marine  
  125  11:11  Marine  
  126  11:21  Marine x2  
  128  11:35  Bunker x2  
  128  11:36  Supply Depot  
  128  11:37  Bunker  
  128  11:39  Marine  
  128  11:41  Medic x2, Marine  
  134  11:50  Marine  
  135  12:04  Marine x2  
  135  12:05  Medic, Marine x2  
  141  12:10  Marine  
  141  12:14  Marine  
  141  12:16  Marine x2  
  141  12:17  Firebat  
  141  12:18  Firebat  
  148  12:33  Marine x3, Supply Depot  
  151  12:40  Supply Depot  
  151  12:43  Marine  
  149  12:52  Marine  
  149  12:53  Marine  
  149  12:57  Medic, Marine x3  
  152  13:03  Marine  
  152  13:11  Marine  
  152  13:14  Marine  
  152  13:16  Marine x2  
  152  13:18  Marine x2  
  154  13:21  Marine  
  154  13:25  Marine  
  154  13:26  Medic, Marine  
  157  13:33  Marine x2  
  157  13:34  Marine  
  157  13:35  Marine  
  157  13:38  Marine x2  
  161  13:43  Marine  
  161  13:44  Medic  
  164  13:51  Marine  
  164  14:08  Marine  
  164  14:11  Marine  
  164  14:15  Supply Depot  
  164  14:16  Marine x3  
  164  14:18  Marine  
  167  14:21  Supply Depot  
  167  14:22  Marine  
  167  14:29  Marine  
  168  14:33  Marine  
  168  14:38  Supply Depot  
  168  14:41  Marine x2  
  168  14:43  Medic, Marine x2  
  173  14:51  Marine x2  
  173  14:59  Marine x2  
  174  15:00  Firebat  
  174  15:04  Marine  
  174  15:05  Firebat, Marine  
  174  15:09  Marine  
  179  15:12  Supply Depot  
  179  15:19  Marine x2  
  178  15:24  Marine x2  
  176  15:35  Marine x2  
  176  15:36  Medic, Marine  
  180  15:40  Marine  
  180  15:43  Marine  
  180  15:46  Marine  
Show
View Real Time Build Order
Export as new Build Order

LilArrin Protoss 

Build Orders:  

Get SALT Encoding   

Tags
 
Commander
FenixRaynor
Matchup
Co-op
Replay Pack
Co-op Speedrun
Add a new tag
Caveats
  • Supply blocks, unpowered buildings, or Contaminate may cause inaccurate times.
  • Supply counts are checked every 10 seconds.